[Event "Croatian-ch Youth U15 2022"]
[Site "Trogir"]
[Date "2022.06.23"]
[Round "3.3"]
[White "Sundac, Ivano"]
[Black "Rautner, Fran"]
[Result "1-0"]
[ECO "A49"]
[WhiteElo "1978"]
[BlackElo "1753"]
[Annotator "TA"]
[PlyCount "77"]
[EventDate "2022.06.22"]
[EventType "swiss"]
[EventCountry "CRO"]
[SourceTitle "playchess.com"]
[Source "ChessBase"]
[SourceQuality "1"]
[TimeControl "5400+30"]

1. d4 Nf6 2. Nf3 g6 3. g3 Bg7 4. Bg2 O-O 5. O-O d6 6. b3 e5 7. dxe5 Ng4 8. Bb2 Nxe5 {[%emt 0:01:02] A49: 1 d4 Nf6 2 Nf3 g6 3 g3: Anti-King's Indian systems.} 9. Nxe5 Bxe5 10. Bxe5 dxe5 {[%emt 0:00:02] [#] White is slightly better.} 11. c4 $146 ({Better is} 11. Qxd8 $14 Rxd8 12. Nc3) ({Predecessor:} 11. Qxd8 Rxd8 12. c4 c6 13. Nc3 Na6 14. Rfd1 Bf5 15. Be4 Be6 16. Rxd8+ Rxd8 17. Rd1 Rxd1+ 18. Nxd1 Kf8 19. f4 exf4 20. gxf4 Ke7 21. Kf2 Kd6 {½-½ (21) Varga,Z (2389)-Horvath,A (2491) Budapest 2021}) 11... Qe7 12. Nc3 c6 13. Qc2 Nd7 14. Rad1 Nf6 15. Qd2 Kg7 16. Qd6 Qxd6 17. Rxd6 Be6 18. Rfd1 Rac8 19. Na4 Rc7 20. Nc5 Bg4 21. R1d2 Re8 {[%emt 0:01:14] [#]} (21... Bc8 $11 {keeps the balance.}) 22. Nxb7 $1 $16 {[%emt 0:12:25][%mdl 512] White is more active.} Rxb7 23. Bxc6 Rbe7 24. Bxe8 Nxe8 25. Ra6 Be6 (25... Nf6 $16 {was called for.}) 26. c5 ({White should play} 26. Rd8 $18) 26... Rc7 27. b4 Bc4 28. Ra5 Kf8 (28... Be6 $16 29. e4 Nf6) 29. Rc2 (29. f3 $18) 29... Bd5 30. c6 Be4 (30... Nf6 $142 31. f3 e4) 31. Rcc5 f6 32. f3 Bf5 (32... Bxc6 $2 33. b5 $18) 33. b5 Nd6 34. Ra4 Be6 35. a3 Ke7 36. Rb4 Bf7 (36... Rc8 $16 37. Ra4 Rc7) 37. a4 $18 Nf5 $2 (37... Be8 38. a5 Bd7) 38. a5 Be8 39. b6 {[%emt 0:00:44] Weighted Error Value: White=0.10 (very precise) /Black=0.36} 1-0

[Event "Croatian-ch Youth U15 2022"]
[Site "Trogir"]
[Date "2022.06.23"]
[Round "3.4"]
[White "Babler, Jan"]
[Black "Gal, Andrej"]
[Result "0-1"]
[ECO "B65"]
[WhiteElo "1616"]
[BlackElo "1874"]
[Annotator "NA RC"]
[PlyCount "76"]
[EventDate "2022.06.22"]
[EventType "swiss"]
[EventCountry "CRO"]
[SourceTitle "playchess.com"]
[Source "ChessBase"]
[SourceQuality "1"]
[TimeControl "5400+30"]

1. e4 c5 2. Nf3 d6 3. d4 cxd4 4. Nxd4 Nf6 5. Nc3 Nc6 6. Bg5 e6 7. Qd2 Be7 8. O-O-O O-O 9. f4 Nxd4 10. Qxd4 Qa5 11. Bc4 Bd7 12. e5 dxe5 13. fxe5 Bc6 14. Bd2 Nd7 15. Nd5 Qd8 16. Nxe7+ Qxe7 17. h4 Rac8 18. Bb3 b6 19. Bb4 Nc5 20. Bxc5 bxc5 21. Qg4 Rfd8 22. h5 h6 23. Kb1 {[%emt 0:01:01] [#]} (23. c3 $11 {keeps the balance.}) 23... Qc7 ({Black should play} 23... Qg5 $1 24. Qxg5 hxg5) 24. Qe2 a5 25. Rhf1 (25. Bc4 $15) 25... Qb7 26. Rxd8+ (26. Rd6 $17) 26... Rxd8 27. Rd1 Rb8 28. c3 a4 ({Weaker is} 28... Bxg2 29. Rg1 Bf3 30. Qh2 $17) 29. Bc4 Bxg2 30. Rd2 Bf3 31. Qf2 Bxh5 32. Qxc5 (32. Bd3 $142) 32... Qe4+ 33. Kc1 Qe1+ $19 34. Kc2 Bg6+ 35. Bd3 {[%emt 0:00:13] [#]} Rxb2+ $3 36. Kxb2 Qxd2+ 37. Ka3 Qxd3 38. Qc8+ Kh7 0-1

[Event "Croatian-ch Youth U15 2022"]
[Site "Trogir"]
[Date "2022.06.23"]
[Round "3.5"]
[White "Mandaric, Fran"]
[Black "Kurtovic, Darko"]
[Result "1-0"]
[ECO "C89"]
[WhiteElo "1808"]
[BlackElo "1353"]
[Annotator "NA RC"]
[PlyCount "95"]
[EventDate "2022.06.22"]
[EventType "swiss"]
[EventCountry "CRO"]
[SourceTitle "playchess.com"]
[Source "ChessBase"]
[SourceQuality "1"]
[TimeControl "5400+30"]

1. e4 e5 2. Nf3 Nc6 3. Bb5 a6 4. Ba4 Nf6 5. d3 b5 6. Bb3 Be7 7. O-O O-O 8. c3 d5 9. exd5 Nxd5 10. Re1 Bg4 {[%emt 0:00:29] The main line 10...Bg4 scores better than 10...Bf6.} 11. h3 Bh5 12. g4 Bg6 13. Nxe5 Nxe5 14. Rxe5 c6 15. Bxd5 cxd5 {[%emt 0:00:07] [#]} 16. d4 $146 {[%emt 0:00:34] [#]} ({Predecessor:} 16. Qf3 $11 Bd6 17. Rxd5 Qc7 18. Be3 Rad8 19. Nd2 Bh2+ 20. Kh1 Bxd3 21. Rxd8 Rxd8 22. Bd4 {1-0 (70) Bivol,A (2368)-Szczepkowska,K (2407) Warsaw 2021}) 16... Bd6 $1 17. Rxd5 {[%emt 0:26:53] [#]} Bh2+ $1 18. Kxh2 Qxd5 19. Bf4 h5 20. Nd2 hxg4 21. Qxg4 Rfe8 22. Rg1 Re6 (22... Qxa2 $15 23. h4 Qd5) 23. h4 Rae8 ({Much less strong is} 23... Qxa2 24. h5 $16) 24. Rg2 Qh5 25. Qg3 Re1 26. Nf3 Rf1 27. Ne5 ({Better is} 27. Be3 $1 $15) 27... Qd1 28. Rg1 Rxg1 29. Qxg1 {[%emt 0:00:06] [#]} Qh5 (29... Qc2 $1 $19 30. b3 (30. Nxg6 fxg6 31. Qg2 Qxb2 $19) 30... Bf5) 30. Nxg6 {[%emt 0:02:21] [#]} (30. Qg5 $17) 30... fxg6 $2 (30... Re2 $1 $19 31. b3 fxg6) 31. Qg5 $2 (31. Kg3 $17) 31... Qf3 32. Be3 Re4 33. Qg3 Qh5 34. Kh3 Qf5+ 35. Kh2 Rg4 36. Qh3 Qe4 37. f3 {[%emt 0:00:16] [#]} Qxe3 $1 38. Qxg4 Qf2+ {[%emt 0:00:08] [#]} 39. Qg2 ({White has to play} 39. Kh3 $1 $16) 39... Qxh4+ 40. Kg1 Qe1+ 41. Qf1 Qg3+ {[%emt 0:00:38] [#]} (41... Qe3+ $11 42. Kg2 Qd2+ 43. Qf2 Qg5+ 44. Qg3 Qd2+ 45. Kh3 Qxb2 $11) 42. Kh1 $1 Qh4+ ({Black should try} 42... g5) 43. Kg2 Qf4 44. Qe2 Qg5+ 45. Kf2 Qh4+ 46. Ke3 Qg5+ $18 {[%emt 0:00:10] [#]} 47. Kd3 $1 Qc1 48. Qe6+ 1-0

[Event "Croatian-ch Youth U15 2022"]
[Site "Trogir"]
[Date "2022.06.23"]
[Round "3.6"]
[White "Mlinaric, Simun"]
[Black "Milinkovic, Dominik"]
[Result "1/2-1/2"]
[ECO "E01"]
[WhiteElo "1399"]
[BlackElo "1807"]
[Annotator "NA RC"]
[PlyCount "56"]
[EventDate "2022.06.22"]
[EventType "swiss"]
[EventCountry "CRO"]
[SourceTitle "playchess.com"]
[Source "ChessBase"]
[SourceQuality "1"]
[TimeControl "5400+30"]

1. d4 d5 2. Nf3 Nf6 3. g3 e6 4. Bg2 c5 5. O-O Nc6 6. c4 b6 7. Nc3 Bb7 8. e3 Be7 9. b3 O-O 10. Bb2 Rc8 (10... dxc4 $1 $15 11. Ne5 cxd4 12. exd4 Qc8) 11. cxd5 Nxd5 12. dxc5 bxc5 13. Na4 Ba6 14. Re1 Ncb4 15. Bf1 Bxf1 16. Rxf1 Bf6 17. a3 Bxb2 18. Nxb2 Qf6 $1 19. axb4 Qxb2 20. bxc5 Nc3 $1 21. Qd2 Qxb3 22. Rxa7 Rxc5 $11 23. Rfa1 Ne4 24. Qd4 Rc4 25. Nd2 Rxd4 26. Nxb3 Rb4 27. R1a4 Rxa4 28. Rxa4 Nd6 1/2-1/2

[Event "Croatian-ch Youth U15 2022"]
[Site "Trogir"]
[Date "2022.06.23"]
[Round "3.7"]
[White "Franc, Borna"]
[Black "Klanac, Lovre"]
[Result "1/2-1/2"]
[ECO "B33"]
[WhiteElo "2032"]
[BlackElo "1624"]
[Annotator "TA"]
[PlyCount "60"]
[EventDate "2022.06.22"]
[EventType "swiss"]
[EventCountry "CRO"]
[SourceTitle "playchess.com"]
[Source "ChessBase"]
[SourceQuality "1"]
[TimeControl "5400+30"]

1. e4 c5 2. Nf3 Nc6 3. d4 cxd4 4. Nxd4 Nf6 5. Nc3 e5 6. Nb3 Bb4 7. Bd3 d6 8. O-O O-O 9. Bg5 Bxc3 10. bxc3 {[%emt 0:00:31] [#]} Bd7 $146 {[%emt 0:03:18] B33: Sicilian: Pelikan and Sveshnikov Variations.} (10... h6 $142 11. Bh4 g5) ({Predecessor:} 10... h6 11. Bh4 Be6 12. Qf3 g5 13. Bg3 Kg7 14. Qe3 Qb6 15. Qe2 Rfe8 16. Nd2 d5 17. exd5 Bxd5 18. Ne4 Bxe4 19. Bxe4 {1-0 (27) Nouri,A (2296)-Kaufman,R (2255) Chess.com INT 2020}) 11. Kh1 (11. Qf3 $142) 11... h6 $11 12. Bh4 g5 {[%emt 0:05:11] Black is slightly better.} 13. Bg3 Ne7 14. Qd2 Ng6 15. c4 Qc7 16. f3 Be6 17. Bf2 b6 18. Qb4 Rac8 19. Nd2 {[%emt 0:01:37][%cal Bb3d2,Bd2f1,Bf1e3][%mdl 32] The position is equal.} Nd7 20. Rfd1 Nc5 21. Nf1 Ne7 22. Ne3 f5 23. exf5 Nxf5 24. Bxf5 Bxf5 25. Qd2 Rcd8 26. Nxf5 Rxf5 27. Qd5+ Qf7 28. Bxc5 Qxd5 29. Rxd5 bxc5 30. Rad1 Rf4 {[%emt 0:00:13] Weighted Error Value: White=0.05 (flawless) /Black=0.08 (flawless)} 1/2-1/2

[Event "Croatian-ch Youth U15 2022"]
[Site "Trogir"]
[Date "2022.06.23"]
[Round "3.8"]
[White "Djuric, Leon"]
[Black "Jakovic, Roko"]
[Result "1/2-1/2"]
[ECO "E01"]
[WhiteElo "1475"]
[BlackElo "1944"]
[Annotator "TA"]
[PlyCount "127"]
[EventDate "2022.06.22"]
[EventType "swiss"]
[EventCountry "CRO"]
[SourceTitle "playchess.com"]
[Source "ChessBase"]
[SourceQuality "1"]
[TimeControl "5400+30"]

1. d4 d5 2. c4 c6 3. Nf3 Nf6 4. Qc2 e6 5. g3 Bd6 6. Bg2 O-O 7. O-O Nbd7 8. Nbd2 Re8 9. e4 Nxe4 10. Nxe4 dxe4 11. Qxe4 e5 12. Qc2 exd4 13. Nxd4 Nf6 14. Rd1 {[%emt 0:08:52][%cal Od4c6] [#] E01: Catalan: Early deviations.} Qc7 $146 ({Predecessor:} 14... Bg4 15. Bf3 Qc7 16. Bg5 Bxf3 17. Nxf3 Ne4 18. Be3 c5 19. Ng5 Nxg5 20. Bxg5 Be5 21. Be3 Rad8 {½-½ (69) Rudenkov,S (1852)-Baranovsky,S (2057) Myrhorod 2010}) 15. b3 Bg4 16. f3 {[%emt 0:02:44] [#]} (16. Bf3 $11 {keeps the balance.}) 16... Bh5 $1 $17 17. Bb2 Bg6 18. Qf2 Bc5 19. a3 a5 {[%emt 0:00:51] Against b4} 20. Bc3 Qe7 21. Qb2 $1 Qe2 22. Rd2 (22. Qxe2 $15 Rxe2 23. b4) 22... Qe6 $2 (22... Qe3+ $19 23. Kh1 {[#]} Bxa3 $1 24. Qxa3 Qxc3) 23. Kh1 $132 {[%emt 0:01:42][%mdl 2048] White is fighting back} Bxd4 24. Rxd4 c5 25. Rdd1 a4 26. Re1 Qb6 27. b4 cxb4 {[%emt 0:00:38] ...b3 is the strong threat.} 28. axb4 ({White should try} 28. Rxe8+ $11 Rxe8 29. Qxb4 Qxb4 30. Bxb4) 28... Rxe1+ $15 29. Bxe1 {[%emt 0:00:51] This bishop pair is nice.} Qe6 30. Qd4 ({Better is} 30. Qd2) 30... a3 $17 31. Bf1 a2 32. Bd3 (32. Kg2 $17 {keeps fighting.}) 32... Nd7 (32... Ra3 $19 33. Bc3 Bxd3 34. Qxd3 h6) 33. Bc3 Qe5 34. Bxg6 Qxd4 35. Bxh7+ Kxh7 36. Bxd4 $15 {[%emt 0:00:10][%mdl 4096] Endgame KRB-KRN} Ra4 (36... Ra3 $15) 37. Kg2 $11 {[%emt 0:02:43] The position is equal.} Nb8 38. Kf2 Nc6 39. Bc3 Ra3 40. b5 $1 Rxc3 41. bxc6 {[%emt 0:00:09] KR-KR} Rc2+ 42. Ke3 bxc6 43. h4 c5 44. Kd3 {[%emt 0:01:32] Against Rc3+} Rb2 45. Ke4 ({Of course not} 45. Kc3 Rf2 46. Kb3 Rxf3+ 47. Ka4 Rf2 $17) 45... Rd2 46. Ke3 Rb2 47. Ke4 Rd2 48. Ke3 Rc2 {[%emt 0:01:27] White must now prevent ...Rc3+.} 49. Kd3 {[%emt 0:00:07] Against Rc3+} Rf2 50. Ke4 f5+ 51. Kxf5 Rxf3+ 52. Ke5 Ra3 53. g4 Rd3 54. Rxa2 {[%emt 0:00:16] And now Ra4 would win.} Rd4 55. Rc2 Kh6 56. Kf5 g6+ 57. Ke5 g5 58. hxg5+ Kxg5 59. Ra2 Rxc4 60. Kd5 Rc1 61. Ra4 Rc2 62. Rc4 Rxc4 63. Kxc4 Kxg4 64. Kxc5 {[%emt 0:00:08] Weighted Error Value: White=0.17 (very precise) /Black=0.17 (very precise)} 1/2-1/2

[Event "Croatian-ch Youth U15 2022"]
[Site "Trogir"]
[Date "2022.06.23"]
[Round "3.9"]
[White "Begic, Klara"]
[Black "Zovko, Josipa"]
[Result "1-0"]
[ECO "E11"]
[WhiteElo "1727"]
[BlackElo "1419"]
[Annotator "NA RC"]
[PlyCount "75"]
[EventDate "2022.06.22"]
[EventType "swiss"]
[EventCountry "CRO"]
[SourceTitle "playchess.com"]
[Source "ChessBase"]
[SourceQuality "1"]
[TimeControl "5400+30"]

1. d4 d5 2. c4 e6 3. Nf3 Nf6 4. g3 Bb4+ 5. Bd2 Bxd2+ 6. Nbxd2 O-O 7. Bg2 Nbd7 8. Qc2 Re8 9. O-O c6 10. e4 dxc4 11. Nxc4 Nb6 12. b3 a5 13. a4 Qc7 14. Rfd1 Nbd7 15. e5 Nd5 16. Nd6 Re7 17. Ng5 Nf8 18. Bxd5 exd5 19. f4 Bg4 20. Rf1 f6 21. Nf3 Ne6 22. Qd3 Qb6 23. exf6 gxf6 24. Rad1 Rf8 25. Kg2 Qb4 26. Nf5 Bxf5 27. Qxf5 Qxb3 28. Rfe1 Qb2+ 29. Rd2 Nxd4 30. Qg4+ Rg7 31. Qxg7+ Kxg7 32. Rxb2 Nf5 33. Rxb7+ Kg8 34. Rc7 d4 35. Rxc6 Rd8 36. Rc5 Ne3+ 37. Kg1 Ng4 38. h3 1-0

[Event "Croatian-ch Youth U15 2022"]
[Site "Trogir"]
[Date "2022.06.23"]
[Round "3.10"]
[White "Buchwald, Svea"]
[Black "Karij, Petra"]
[Result "0-1"]
[ECO "C55"]
[WhiteElo "1187"]
[BlackElo "1433"]
[Annotator "NA RC"]
[PlyCount "72"]
[EventDate "2022.06.22"]
[EventType "swiss"]
[EventCountry "CRO"]
[SourceTitle "playchess.com"]
[Source "ChessBase"]
[SourceQuality "1"]
[TimeControl "5400+30"]

1. e4 e5 2. Nf3 Nc6 3. Bc4 Nf6 4. Nc3 Nxe4 5. Nxe4 d5 6. Bd3 dxe4 7. Bxe4 Bd6 8. h3 O-O 9. O-O Be6 10. c3 f5 11. Bc2 Qf6 12. Bb3 Bf7 13. d3 h6 14. Re1 Rad8 15. Bxf7+ Rxf7 16. Qb3 b6 17. Qa4 Bf8 18. Qc4 Kh8 19. Be3 f4 20. Bd2 Rfd7 21. d4 Na5 22. Qb5 Rd5 23. dxe5 Rxb5 24. exf6 gxf6 25. b4 Nb7 26. c4 Rf5 27. g4 fxg3 28. Kg2 gxf2 29. Re2 Nd6 30. Rc1 f1=Q+ 31. Rxf1 Nxc4 32. Rc1 Nxd2 33. Nxd2 Bxb4 34. Nb3 Rg8+ 35. Kh2 Bd6+ 36. Kh1 Rf3 0-1

[Event "Croatian-ch Youth U15 2022"]
[Site "Trogir"]
[Date "2022.06.23"]
[Round "3.11"]
[White "Botica, Lucija"]
[Black "Lukinovic, Laura"]
[Result "1-0"]
[ECO "B52"]
[WhiteElo "1145"]
[BlackElo "1164"]
[Annotator "NA RC"]
[PlyCount "73"]
[EventDate "2022.06.22"]
[EventType "swiss"]
[EventCountry "CRO"]
[SourceTitle "playchess.com"]
[Source "ChessBase"]
[SourceQuality "1"]
[TimeControl "5400+30"]

1. e4 c5 2. Nf3 d6 3. Bb5+ Bd7 4. Bxd7+ Nxd7 5. d4 cxd4 6. Qxd4 Ngf6 7. Nc3 g6 8. Be3 Bg7 9. O-O-O O-O 10. e5 Ne8 11. Bf4 Qb6 12. Qxb6 Nxb6 13. exd6 exd6 14. Bxd6 Nxd6 15. Rxd6 Rad8 16. Rhd1 Rxd6 17. Rxd6 Re8 18. Rd1 Bxc3 19. bxc3 Na4 20. Rd3 Re2 21. Rd2 Nxc3 22. Rxe2 Nxe2+ 23. Kd2 Nf4 24. g3 Nd5 25. a3 f6 26. Kd3 Kf7 27. c4 Ne7 28. Kd4 Nc6+ 29. Kd5 Ke7 30. Nd2 Na5 31. Kc5 Ke6 32. Kb5 Nc6 33. Ne4 Nd4+ 34. Kb4 b6 35. Kc3 Ke5 36. Nd2 a5 37. f4+ 1-0

[Event "Croatian-ch Youth U15 2022"]
[Site "Trogir"]
[Date "2022.06.24"]
[Round "4.1"]
[White "Colev, Ivor"]
[Black "Mandaric, Fran"]
[Result "1-0"]
[ECO "B41"]
[WhiteElo "1984"]
[BlackElo "1808"]
[Annotator "TA"]
[PlyCount "65"]
[EventDate "2022.06.22"]
[EventType "swiss"]
[EventCountry "CRO"]
[SourceTitle "playchess.com"]
[Source "ChessBase"]
[SourceQuality "1"]
[TimeControl "5400+30"]

1. e4 c5 2. Nf3 e6 3. d4 cxd4 4. Nxd4 a6 5. c4 Qc7 6. a3 Nf6 7. Nc3 Be7 8. Be3 {[%emt 0:00:07] B41: Sicilian: Kan Variation: 5 c4.} O-O 9. Be2 d6 10. O-O {[%emt 0:00:11] White is slightly better.} b6 11. b4 {[%emt 0:04:51] White is more active.} Bb7 12. f3 Nbd7 13. Qb3 Rac8 14. Rfc1 {[%emt 0:02:24] [#]} Rfd8 $146 ({Predecessor:} 14... Qb8 15. Qd1 Rfe8 16. Qf1 Bd8 17. Qf2 Bc7 18. g3 h5 19. Rd1 h4 {0-1 (58) Getman,T (2195)-Schekachikhin,M (2370) St Petersburg 2018}) 15. a4 Ne5 16. Nd1 Qd7 17. Nf2 d5 18. cxd5 exd5 19. f4 Neg4 (19... Rxc1+ $11 20. Rxc1 Nc4) 20. e5 (20. Rxc8 $1 $14 {feels stronger.} Rxc8 21. e5 Nxe3 22. Qxe3 (22. exf6 Bxf6 23. Qxe3 Re8 $17)) 20... Nxe3 21. Qxe3 (21. exf6 Rxc1+ 22. Rxc1 Bxf6 $1 23. Qxe3 Re8 $17) 21... Ne4 22. Bg4 Rxc1+ 23. Qxc1 Qe8 24. Qc7 $36 {[%emt 0:02:26][%mdl 2048] White has some pressure.} Bxb4 {[%emt 0:07:49][%cal Ob4c5] And now ...Bc5! would win.} 25. Qxb7 (25. e6 $14 Qe7 26. Rc1 (26. Qxb6 Bc5 $17) 26... fxe6 27. Nxe4 dxe4 28. Nxe6) 25... Bc5 $11 26. Rd1 (26. Nc6 $1 $11 {remains equal.} Nxf2 27. Bf5) 26... Qxa4 $2 {[%emt 0:03:37][%mdl 8192] [#] This move loses the game for Black.} (26... Nxf2 $17 27. Kxf2 Qxa4) 27. e6 $1 $18 ({Not} 27. Nxe4 dxe4 28. Kf1 Bxd4 $15) (27. Qc7 Rf8 28. Qd7 Qxd7 29. Bxd7 Nc3 $17) 27... fxe6 {[%emt 0:06:30] [#]} (27... Bxd4 $2 {[#]} 28. Qe7 $1 Bxf2+ 29. Kh1 Qxd1+ 30. Bxd1 $18) (27... Nxf2 {is more resistant.} 28. Qxf7+ Kh8) 28. Nxe6 $1 Bxf2+ (28... Qd7 29. Nxd8) 29. Kh1 Qd7 30. Nxd8 Qxd8 (30... Qxb7 $18 31. Nxb7 Nc3) 31. Rxd5 {[%emt 0:04:46][%cal Rd5d8] White mates.} Qe8 32. Re5 Qd8 33. Qxe4 {[%emt 0:00:27] Weighted Error Value: White=0.16 (very precise) /Black=0.65} 1-0

[Event "Croatian-ch Youth U15 2022"]
[Site "Trogir"]
[Date "2022.06.24"]
[Round "4.2"]
[White "Gal, Andrej"]
[Black "Sundac, Ivano"]
[Result "1/2-1/2"]
[ECO "E46"]
[WhiteElo "1874"]
[BlackElo "1978"]
[Annotator "TA"]
[PlyCount "100"]
[EventDate "2022.06.22"]
[EventType "swiss"]
[EventCountry "CRO"]
[SourceTitle "playchess.com"]
[Source "ChessBase"]
[SourceQuality "1"]
[TimeControl "5400+30"]

1. d4 Nf6 2. c4 e6 3. Nc3 Bb4 4. e3 O-O 5. Nge2 d5 6. a3 Be7 7. cxd5 exd5 8. Ng3 c6 {[%emt 0:00:46] E46: Nimzo-Indian: Rubinstein: 4 e3 0-0 5 Ne2 without early Bd3.} 9. Bd3 Re8 10. O-O Nbd7 {[%emt 0:01:47] The position is equal.} 11. Bd2 Nf8 {[%emt 0:01:25] [#]} 12. Na4 $146 ({Predecessor:} 12. Be1 g6 13. f3 c5 14. Bf2 cxd4 15. exd4 Ne6 16. Re1 a6 17. Rc1 h5 18. Qb3 {0-1 (61) Makarenko,A (2215)-Zhukov,A (2076) Moscow 2019}) 12... Bd6 13. Bb4 Bxb4 ({Black should try} 13... Bb8 $15) 14. axb4 $11 a6 {[%emt 0:08:23] Prevents b5.} 15. Qc2 g6 16. Nc5 Qb6 {[%emt 0:01:12] Prevents b5.} (16... Rb8 $11) 17. Qa4 Ne6 18. Rfc1 Bd7 19. Ne2 Nxc5 20. bxc5 Qc7 21. Qa5 Rac8 22. Qxc7 Rxc7 23. Nc3 Re7 24. Ra3 Kf8 25. Nd1 Ke8 26. f3 Be6 27. Kf2 Rcd7 28. Nc3 Kd8 29. h3 Ne8 30. Rb3 {[%emt 0:01:01] White is more active.} f5 31. Ne2 Ng7 32. Rb6 Rc7 33. Bb1 Bc8 34. Nf4 Ne6 35. g3 Nxf4 36. gxf4 Re6 37. Rb3 Rce7 38. Rbc3 Re8 39. h4 Ke7 40. R3c2 Kf6 41. Re2 R6e7 42. Rg1 h5 43. Rge1 Rd8 44. Rd2 Rde8 45. Rde2 Rd8 $1 46. Rg1 Rde8 $1 47. Ree1 Bd7 48. Rg5 Bc8 (48... b6 $5 ) 49. Reg1 {[%emt 0:01:27] [#] Black must now prevent e4.} Rg7 $1 50. Bd3 Bd7 {[%emt 0:01:01] Weighted Error Value: White=0.12 (very precise) /Black=0.11 (very precise)} 1/2-1/2

[Event "Croatian-ch Youth U15 2022"]
[Site "Trogir"]
[Date "2022.06.24"]
[Round "4.3"]
[White "Grgantov, Marin"]
[Black "Mlinaric, Simun"]
[Result "1-0"]
[ECO "B23"]
[WhiteElo "2081"]
[BlackElo "1399"]
[Annotator "TA"]
[PlyCount "27"]
[EventDate "2022.06.22"]
[EventType "swiss"]
[EventCountry "CRO"]
[SourceTitle "playchess.com"]
[Source "ChessBase"]
[SourceQuality "1"]
[TimeControl "5400+30"]

1. e4 c5 2. Nc3 Nc6 3. f4 e6 4. Nf3 d5 5. Bb5 Nge7 6. exd5 Nxd5 7. Bxc6+ {[%emt 0:04:18] B23: Closed Sicilian: Lines without g3.} bxc6 8. O-O Be7 9. Ne5 {[%emt 0:09:24] The position is equal.} Qb6 {[%emt 0:12:24] [#]} (9... c4 $11) 10. Na4 $146 ({Predecessor:} 10. d3 O-O 11. Rf2 Nxc3 12. bxc3 Rb8 13. Be3 Qc7 14. Qf3 Bd7 15. Rff1 Rb5 16. Qf2 {½-½ (38) Hrubcik,M (2000)-Kubikova,H (2140) Czechia 2003}) 10... Qc7 11. b3 Nb6 12. Nc3 {[%emt 0:10:28] White is more active. Pair of Knights!} f6 $2 {[%emt 0:09:16][%mdl 8192] [#]} (12... O-O $16) 13. Qh5+ $18 g6 14. Nxg6 $1 {[%emt 0:00:17] Black did not feel at home in the position after the opening.  Weighted Error Value: White=0.01 (flawless) /Black=1.26} 1-0

[Event "Croatian-ch Youth U15 2022"]
[Site "Trogir"]
[Date "2022.06.24"]
[Round "4.4"]
[White "Klanac, Lovre"]
[Black "Zadro, Matej"]
[Result "0-1"]
[ECO "A58"]
[WhiteElo "1624"]
[BlackElo "1861"]
[Annotator "NA RC"]
[PlyCount "56"]
[EventDate "2022.06.22"]
[EventType "swiss"]
[EventCountry "CRO"]
[SourceTitle "playchess.com"]
[Source "ChessBase"]
[SourceQuality "1"]
[TimeControl "5400+30"]

1. d4 Nf6 2. Nf3 c5 3. d5 g6 4. c4 b5 5. cxb5 a6 6. bxa6 Bg7 7. Nc3 O-O 8. e4 Qa5 9. Bd2 Bxa6 10. Qc2 ({White should play} 10. Be2 $11) 10... Bxf1 11. Kxf1 Na6 12. Ne2 Qb5 13. a4 Nb4 14. Bxb4 Qxb4 15. Nd2 (15. Nc3 $1 $11 {keeps the balance.}) 15... Rfb8 16. Ra2 Bh6 17. Nc4 Qb3 18. Qxb3 Rxb3 19. Nc3 Rb4 20. e5 Nxd5 $11 ({But not} 20... Rxc4 $6 21. exf6 exf6 22. a5 $11) (20... Ne8 $17 21. Ne3 Bg7) 21. Nxd5 Rxc4 22. Ke2 Rcxa4 23. Rxa4 Rxa4 24. Nxe7+ Kf8 25. Nc8 Rb4 26. Rb1 Bf4 27. Kd3 Bxe5 28. Rc1 d6 0-1

[Event "Croatian-ch Youth U15 2022"]
[Site "Trogir"]
[Date "2022.06.24"]
[Round "4.5"]
[White "Milinkovic, Dominik"]
[Black "Frouth, Vibor"]
[Result "0-1"]
[ECO "C45"]
[WhiteElo "1807"]
[BlackElo "1493"]
[Annotator "NA RC"]
[PlyCount "72"]
[EventDate "2022.06.22"]
[EventType "swiss"]
[EventCountry "CRO"]
[SourceTitle "playchess.com"]
[Source "ChessBase"]
[SourceQuality "1"]
[TimeControl "5400+30"]

1. e4 e5 2. Nf3 Nc6 3. d4 exd4 4. Nxd4 Bc5 5. Nb3 Bb6 6. Nc3 Nf6 7. Qe2 O-O 8. Be3 Re8 9. f3 Bxe3 10. Qxe3 a5 11. O-O-O b6 (11... a4 $11 12. Nd4 a3) 12. Bb5 Bb7 13. g4 Qe7 14. h4 Red8 15. g5 Ne8 16. Nd5 ({Better is} 16. Rhe1) 16... Qf8 17. e5 ({Better is} 17. a3 $16) 17... Na7 (17... a4 $142 $1 18. Nd2 Na7) 18. Nc3 ({White must play} 18. Bc4 $16) 18... Nxb5 19. Nxb5 a4 20. N3d4 c6 (20... g6 $14) 21. Nc3 g6 (21... a3 $16 {keeps fighting.}) 22. h5 c5 23. hxg6 $2 ({White has to play} 23. Ndb5 $16) 23... cxd4 ({Much worse is} 23... fxg6 24. Ndb5 $11) 24. gxh7+ Kh8 25. Rxd4 $15 a3 26. b3 Qc5 ({Black should try} 26... Rac8 $15) 27. Ne2 $2 ({Better is} 27. Na4 $11 Rxa4 28. bxa4) 27... Ng7 28. g6 Rac8 29. c3 {[%emt 0:01:16] [#]} (29. c4 $142 fxg6 30. Nf4) 29... Ne6 $2 ({Inferior is} 29... fxg6 30. Nf4 Rc6 31. b4) (29... Rf8 $1 $17 {keeps the pressure on.} 30. Kd2 fxg6) 30. b4 Qf8 ({Black should play} 30... Qc6 $17 31. g7+ Nxg7) 31. Rg4 $2 (31. g7+ $11 {and White is okay.} Qxg7 32. Rg4 Qxg4 33. fxg4 Bxh1 34. Ng3) 31... fxg6 32. Rxg6 Qxf3 33. Rg8+ Rxg8 34. hxg8=Q+ Kxg8 35. Rg1+ Kh7 36. Qd4 Nxd4 0-1